 Dungeon Crawl Stone Soup version 0.26.0-7-g794d0892b4 (webtiles) character file.

Game seed: 753545319287518776

69435 runemasterragnar the Slinger (level 15, -17/101 HPs)
             Began as a Halfling Hunter on Jan 11, 2021.
             Was the Champion of Fedhas.
             Engulfed by an ice statue's freezing vapour (25 damage)
             ... in an ice cave.
             The game lasted 01:15:57 (26718 turns).

runemasterragnar the Slinger (Halfling Hunter)     Turns: 26718, Time: 01:15:58

Health: -17/101    AC: 11    Str: 13    XL:     15   Next: 74%
Magic:  16/24      EV: 25    Int: 10    God:    Fedhas [******]
Gold:   2161       SH: 13    Dex: 33    Spells: 15/26 levels left

rFire    . . .     SeeInvis +   H - +3 demon blade (vamp)
rCold    . . .     Faith    +   E - +0 kite shield
rNeg     . . .     Spirit   .   n - +1 ring mail "Qul Uzebeish" {Dex+6}
rPois    .         Reflect  .   C - +0 mask of the Dragon {Will+ Slay+3 SInv}
rElec    .         Harm     .   (no cloak)
rCorr    .         Rampage  .   j - +0 pair of gloves
Will     ++...                  M - +2 pair of boots {run}
Stlth    +++++.....             G - amulet of faith
HPRegen  0.26/turn              J - +6 ring of dexterity
MPRegen  0.19/turn              q - ring of the Hare {EV+8}

@: berserk cooldown, slowed, studying Spellcasting, very slow
A: small, mutation resistance 1
a: Renounce Religion, Wall of Briars, Grow Ballistomycete, Overgrow, Grow Oklob


You were in an ice cave.
You worshipped Fedhas.
Fedhas was exalted by your worship.
You visited 3 branches of the dungeon, and saw 21 of its levels.
You also visited: Gauntlet and Ice Cave.

You collected 2161 gold pieces.

Inventory:

Hand Weapons
 c - a +5 dagger
 o - a +1 antimagic dagger
 D - a +3 hunting sling of freezing
 H - a +3 vampiric demon blade (weapon)
Missiles
 d - 45 sling bullets
 f - 621 stones
 i - 15 poisoned darts (quivered)
Armour
 j - a +0 pair of gloves (worn)
 n - the +1 ring mail "Qul Uzebeish" (worn) {Dex+6}
   (You found it in a Gauntlet)

   It affects your dexterity (+6).
 C - the +0 mask of the Dragon (worn) {Will+ Slay+3 SInv}
   (You found it on level 6 of the Dungeon)

   It affects your accuracy and damage with ranged weapons and melee attacks
   (+3).
   It affects your willpower, your defense against some magical effects.
   It lets you see invisible.
 E - a +0 kite shield (worn)
 M - a +2 pair of boots of running (worn)
Jewellery
 l - an uncursed ring of poison resistance
 q - the ring of the Hare (right hand) {EV+8}
   (You found it on level 5 of the Dungeon)

   [ring of evasion]

   It affects your evasion (+8).
 G - an amulet of faith (around neck)
 J - a +6 ring of dexterity (left hand)
Wands
 a - a wand of disintegration (16)
 g - a wand of digging (6)
 m - a wand of paralysis (1)
 v - a wand of acid (4)
 x - a wand of iceblast (29)
 z - a wand of polymorph (18)
 O - a wand of flame (28)
Scrolls
 b - a scroll of amnesia
 k - 5 scrolls of magic mapping
 p - 5 scrolls of fog
 A - 5 scrolls of teleportation
 K - a scroll of summoning
 U - 4 scrolls of remove curse
Potions
 h - 4 potions of brilliance
 r - a potion of invisibility
 s - a potion of magic {unknown}
 t - a potion of attraction {unknown}
 u - 4 potions of haste
 w - a potion of flight
 B - 2 potions of mutation
 P - a potion of might
 W - a potion of ambrosia {unknown}
 Z - 3 potions of curing
Books
 e - a manual of Spellcasting
Miscellaneous
 y - a box of beasts
 R - a lightning rod (1/4)
 S - a tin of tremorstones (1/2)


   Skills:
 + Level 9.1 Fighting
 - Level 14.0 Short Blades
 - Level 14.0 Slings
 - Level 4.6 Armour
 - Level 5.2 Dodging
 + Level 11.2 Stealth
 + Level 9.2 Shields
 * Level 6.2 Spellcasting
 * Level 6.2 Translocations
 - Level 9.4 Invocations
 - Level 8.3 Evocations


You had 15 spell levels left.
You knew the following spells:

 Your Spells              Type           Power        Failure   Level
a - Blink                 Tloc           N/A          14%         2
b - Apportation           Tloc           30%          9%          1
c - Disjunction           Tloc           7%           100%        8

Your spell library contained the following spells:

 Spells                   Type           Power        Failure   Level
 Magic Dart               Conj           12%          77%         1
 Sting                    Tmut/Pois      12%          77%         1
 Call Imp                 Summ           3%           88%         2
 Slow                     Hex            3%           88%         2
 Confusing Touch          Hex            3%           98%         3
 Conjure Flame            Conj/Fire      3%           98%         3
 Ignite Poison            Fire/Tmut/Pois 3%           98%         3
 Mephitic Cloud           Conj/Pois/Air  3%           98%         3
 Static Discharge         Conj/Air       3%           98%         3
 Lightning Bolt           Conj/Air       1%           100%        5
 Summon Mana Viper        Hex/Summ       3%           100%        5
 Discord                  Hex            1%           100%        8
 Ignition                 Fire           1%           100%        8
 Shatter                  Erth           1%           100%        9
 Tornado                  Air            1%           100%        9


Dungeon Overview and Level Annotations

Branches:
Dungeon (13/15)            Temple (0/1) D:7            Lair (6/6) D:10
 Shoals (0/4) Lair:3        Snake (0/4) Lair:3        Slime (0/5) Lair:5
    Orc (2/2) D:9             Elf (0/3) Orc:2         IceCv (1/1)
Gauntlet (visited)
 Vaults: D:13-14

Altars:
Cheibriados
Elyvilon
Fedhas
Hepliaklqana
Kikubaaqudgha
Makhleb
Nemelex Xobeh
Ru
Trog
Wu Jian
Xom
Yredelemnul
Beogh

Shops:
D:6 :   Orc:2 }:([

Annotations:
D:10 2 transporters, Warped's ghost, journeyman FoHu
D:12 exclusion: ice statue
Lair:5 3 runed translucent doors, Hairutzoic's ghost, journeyman MiBe IceCv 1 transporter, exclusion: ice statue


Innate Abilities, Weirdness & Mutations

You are small and have problems with some larger weapons.
You are somewhat resistant to further mutation.


Message History

You hit the ice beast but do no damage.
The ice beast is lightly wounded.
Okay, then.
Okay, then.
Okay, then.
Aiming: Overgrow
Press: ? - help, Dir - move target The stone wall is torn apart as a ballistomycete grows in its place.
The stone wall is torn apart as a burning bush grows in its place. x2
The stone wall is torn apart as a wandering mushroom grows in its place.
You are engulfed in freezing vapours.
* * * LOW HITPOINT WARNING * * *
You block the ice beast's attack.
The ice beast misses you. x2; You riposte.
You slash the ice beast!
The ice beast is heavily wounded.
Unknown command.
Unknown command.
You feel better.
You are engulfed in freezing vapours.
You die...
Fedhas appreciates your contribution to the ecosystem.

#######
##.....##
##...∩...##
##.........###
#.....©.....P#
#...........P##
##.......°...Pf#
#......Y@Y....#
#......Y.8....#
#......(......#
##....$.!....##
#...8.[.8...#
##...?©$...##
###########


You could see an ice statue, 3 ice beasts, a friendly wandering mushroom
(summoned), 2 friendly burning bushes and a friendly ballistomycete (summoned).

Vanquished Creatures
  Saint Roka (Orc:2)
  An orc warlord (Orc:2)
  A minotaur (Gauntlet)
  An ice dragon (D:13)
  3 hydras
  2 boulder beetles
  2 two-headed ogres (D:11)
  4 ogre magi (D:12)
  An orc high priest (Orc:2)
  Nergalle (D:11)
  Sonja (Orc:2)
  2 wizards
  Pikel (D:5)
  A swamp dragon (shapeshifter) (D:12)
  3 deep elf magi (D:12)
  A wolf spider (Lair:6)
  2 ugly things (IceCv)
  An orc sorcerer (Orc:2)
  4 cyclopes
  20 elephants
  2 centaur zombies
  An ice statue (IceCv)
  8 black mambas
  A centaur skeleton (D:9)
  13 cane toads
  4 torpor snails (Lair:5)
  A spectral redback (Gauntlet)
  5 rime drakes
  9 komodo dragons
  2 polar bears (D:13)
  4 trolls
  3 hornets (Lair:6)
  Grinder (D:4)
  8 blink frogs
  Sigmund (D:2)
  A wraith (D:13)
  41 yaks
  10 wyverns
  A redback (Lair:6)
  4 basilisks
  3 vampire mosquitoes (D:12)
  Menkaure (D:7)
  6 wargs
  2 acid dragons (D:12)
  21 water moccasins
  2 black bears
  A sky beast (D:8)
  7 ice beasts
  37 orc warriors
  10 ogres
  A phantom (D:7)
  4 wolves
  8 centaurs
  A lemure (D:4)
  Blork the orc (D:4)
  17 bullfrogs
  A wyvern zombie (D:10)
  A gnoll sergeant (D:8)
  6 scorpions
  6 killer bees
  12 wights
  7 howler monkeys
  3 electric eels (Lair:2)
  3 bullfrog zombies
  10 hounds
  22 orc priests
  8 jellies
  2 bullfrog skeletons
  2 iguanas
  28 orc wizards
  11 worker ants
  A killer bee zombie (D:9)
  2 hound zombies
  11 gnolls
  10 adders
  3 white imps
  An ufetubus (D:7)
  4 oozes
  An adder zombie (D:7)
  An adder skeleton (D:4)
  A worm (D:3)
  5 dart slugs
  5 leopard geckos
  136 orcs
  3 ball pythons
  8 bats
  7 giant cockroaches
  12 goblins
  9 hobgoblins
  4 jackals (D:5)
  8 quokkas
  9 frilled lizards
  6 kobolds (D:1)
  2 leopard gecko skeletons
  A quokka skeleton (D:4)
  A quokka zombie (D:8)
  4 rats
  A ballistomycete spore (Orc:2)
673 creatures vanquished.

Vanquished Creatures (collateral kills)
  An orc warlord (Orc:2)
  A black mamba (Lair:6)
  A guardian serpent (Lair:6)
  A cane toad (Lair:6)
  A troll (D:9)
  A redback (Lair:6)
  3 wargs (D:9)
  5 orc warriors (Orc:2)
  A bullfrog (D:6)
  3 wights (D:6)
  An orc priest (Orc:2)
  2 orc wizards
  9 orcs
  A quokka (D:5)
  4 ballistomycete spores (Orc:2)
35 creatures vanquished.

Vanquished Creatures (others)
  A komodo dragon (Lair:3)
  A yak (Lair:3)
  A bullfrog (D:12)
  79 fungi
  131 plants
  25 withered plants (Gauntlet)
238 creatures vanquished.

Grand Total: 946 creatures vanquished

Notes
Turn   | Place    | Note
-------+----------+-------------------------------------------
     0 | D:1      | runemasterragnar the Halfling Hunter began the quest for
                  | the Orb.
     0 | D:1      | Reached XP level 1. HP: 14/14 MP: 1/1
   335 | D:1      | Reached XP level 2. HP: 19/19 MP: 2/2
   412 | D:1      | Reached skill level 1 in Short Blades
   472 | D:1      | Reached XP level 3. HP: 24/24 MP: 3/3
  1011 | D:2      | Found a blossoming altar of Fedhas.
  1020 | D:2      | Became a worshipper of Fedhas Madash
  1353 | D:2      | Noticed Sigmund
  1360 | D:2      | Reached XP level 4. HP: 9/29 MP: 4/4
  1364 | D:2      | HP: 1/29 [something/magic dart (9)]
  1698 | D:3      | Reached skill level 1 in Armour
  1872 | D:3      | Found a faded altar of an unknown god.
  1872 | D:3      | Found a basalt altar of Yredelemnul.
  1873 | D:3      | Noticed a two-headed ogre
  1907 | D:4      | Reached * piety under Fedhas
  2133 | D:2      | Killed Sigmund
  2134 | D:2      | Reached skill level 1 in Invocations
  2134 | D:2      | Reached XP level 5. HP: 35/35 MP: 5/5
  2134 | D:2      | Reached XP level 6. HP: 41/41 MP: 6/6
  2285 | D:2      | Found an ornate altar of the Wu Jian Council.
  3130 | D:4      | Noticed Blork the orc
  3147 | D:4      | Killed Blork the orc
  3148 | D:4      | Reached XP level 7. HP: 13/45 MP: 2/8
  3270 | D:4      | Reached ** piety under Fedhas
  3364 | D:4      | Noticed Grinder
  3372 | D:4      | Paralysed by Grinder for 3 turns
  3375 | D:5      | Entered Level 5 of the Dungeon
  3549 | D:5      | Found the ring of the Hare {EV+8}
  4289 | D:5      | Noticed Pikel
  4444 | D:4      | Paralysed by Grinder for 5 turns
  4461 | D:4      | Killed Grinder
  4462 | D:4      | Reached XP level 8. HP: 43/52 MP: 2/9
  4865 | D:4      | Found a sacrificial altar of Ru.
  4926 | D:4      | Found a sparkling altar of Nemelex Xobeh.
  5291 | D:4      | Reached skill level 1 in Evocations
  5544 | D:5      | Killed Pikel
  5545 | D:5      | Reached skill level 5 in Short Blades
  5933 | D:6      | Reached XP level 9. HP: 57/57 MP: 3/11
  6003 | D:6      | Found Vogi's Book Shop.
  6097 | D:6      | Reached *** piety under Fedhas
  6712 | D:6      | Found the +0 mask of the Dragon {Will+ Slay+3 SInv}
  7044 | D:7      | Found a shimmering altar of Xom.
  7111 | D:7      | Reached skill level 10 in Slings
  7160 | D:7      | Found a staircase to the Ecumenical Temple.
  7756 | D:7      | Reached skill level 5 in Dodging
  7810 | D:7      | Reached XP level 10. HP: 63/63 MP: 13/13
  7818 | D:7      | Reached **** piety under Fedhas
  7847 | D:7      | Found a bloodstained altar of Trog.
  7878 | D:7      | Found an ancient bone altar of Kikubaaqudgha.
  7883 | D:7      | Noticed Menkaure
  7890 | D:7      | Killed Menkaure
  7891 | D:7      | Reached skill level 5 in Stealth
  7895 | D:7      | Found a burning altar of Makhleb.
  8276 | D:8      | Got a shimmering robe
  8287 | D:8      | Identified the cursed +1 robe of Eternal Night {rC+++ rCorr
                  | Str-5 Dex+4} (You found it on level 8 of the Dungeon)
  8729 | D:8      | Reached skill level 1 in Shields
  9448 | D:9      | Found a staircase to the Orcish Mines.
  9679 | D:9      | Reached skill level 5 in Invocations
  9980 | D:9      | Reached skill level 5 in Fighting
  9980 | D:9      | Reached XP level 11. HP: 52/71 MP: 14/14
 10432 | D:10     | Entered Level 10 of the Dungeon
 10731 | D:10     | Reached ***** piety under Fedhas
 11004 | D:10     | Found a staircase to the Lair.
 11123 | D:10     | Identified a +1 pair of boots of running (You found it on
                  | level 10 of the Dungeon)
 11139 | D:10     | Found a transporter.
 11158 | D:10     | Found a transporter.
 11422 | D:10     | Noticed Warped's ghost (journeyman FoHu)
 11740 | D:11     | Noticed Nergalle
 11750 | D:11     | Killed Nergalle
 11767 | D:11     | Found a gate leading to a gauntlet.
 11811 | D:11     | Reached skill level 5 in Evocations
 11843 | Gauntlet | Entered a Gauntlet
 11843 | Gauntlet | Found a transporter.
 11843 | Gauntlet | Found a transporter.
 11850 | Gauntlet | Noticed a queen ant
 11852 | Gauntlet | Found a transporter.
 11854 | Gauntlet | Found a transporter.
 11855 | Gauntlet | Found a transporter.
 11861 | Gauntlet | Noticed a worldbinder
 11868 | Gauntlet | Found a transporter.
 11872 | Gauntlet | Found a transporter.
 11877 | Gauntlet | Noticed a death drake
 11879 | Gauntlet | Noticed a hell hog
 11882 | Gauntlet | Found a transporter.
 11901 | Gauntlet | Found a transporter.
 11918 | Gauntlet | Found a transporter.
 11922 | Gauntlet | Found a transporter.
 11930 | Gauntlet | Noticed a death scarab
 11936 | Gauntlet | Found a transporter.
 11995 | Gauntlet | Learned a level 2 spell: Blink
 12056 | Gauntlet | Got a twitching glass ring
 12294 | Gauntlet | Identified the ring "Wurchyng" {+Inv rF+ rC- Int+6 Slay+6}
                  | (You found it in a Gauntlet)
 12328 | Gauntlet | Noticed a minotaur
 12337 | Gauntlet | Killed a minotaur
 12343 | Gauntlet | Got a transparent ring mail
 12354 | Gauntlet | Identified the +1 ring mail "Qul Uzebeish" {Dex+6} (You
                  | found it in a Gauntlet)
 12355 | Gauntlet | Identified the Handbook of Curses
 12358 | Gauntlet | Identified the Incunabulum of Toxins and Dislocation
 12451 | D:11     | Reached XP level 12. HP: 78/78 MP: 16/16
 12544 | D:11     | Reached skill level 10 in Short Blades
 12600 | D:11     | Noticed a seven-headed hydra
 12872 | Lair:1   | Entered Level 1 of the Lair of Beasts
 13014 | Lair:1   | Found a hazy altar of Hepliaklqana.
 13610 | Lair:2   | Noticed a four-headed hydra
 13617 | Lair:2   | Killed a four-headed hydra
 13725 | Lair:2   | Reached skill level 5 in Shields
 14766 | Lair:3   | Found a staircase to the Shoals.
 15264 | Lair:3   | Reached XP level 13. HP: 84/84 MP: 18/18
 15475 | Lair:3   | Found a staircase to the Snake Pit.
 17392 | Lair:5   | Found a runed translucent gate.
 17532 | Lair:5   | Found a runed translucent gate.
 17533 | Lair:5   | Found a runed translucent gate.
 17689 | Lair:5   | Found a staircase to the Slime Pits.
 17715 | Lair:5   | Noticed a seven-headed hydra
 17746 | Lair:5   | Killed a seven-headed hydra
 17999 | Lair:5   | Found a snail-covered altar of Cheibriados.
 18590 | Lair:5   | Noticed a minotaur
 18592 | Lair:5   | Noticed Hairutzoic's ghost (journeyman MiBe)
 18823 | Lair:6   | Entered Level 6 of the Lair of Beasts
 18885 | Lair:6   | Reached ****** piety under Fedhas
 19007 | Lair:6   | Reached XP level 14. HP: 92/92 MP: 20/20
 19977 | Lair:6   | Reached skill level 10 in Stealth
 20674 | Lair:6   | Learned a level 1 spell: Apportation
 20683 | Lair:6   | Learned a level 8 spell: Disjunction
 21407 | D:11     | Reached skill level 1 in Spellcasting
 21407 | D:11     | Reached skill level 1 in Translocations
 21628 | D:12     | Found a white marble altar of Elyvilon.
 21691 | D:12     | Found an ornate altar of the Wu Jian Council.
 23212 | Orc:1    | Entered Level 1 of the Orcish Mines
 23302 | Orc:2    | Entered Level 2 of the Orcish Mines
 23311 | Orc:2    | Noticed Sonja
 23312 | Orc:2    | Killed Sonja
 23611 | Orc:2    | Found a roughly hewn altar of Beogh.
 23693 | Orc:2    | Found a roughly hewn altar of Beogh.
 23727 | Orc:2    | Noticed an orc warlord
 23744 | Orc:2    | Killed an orc warlord
 23745 | Orc:2    | Reached XP level 15. HP: 100/100 MP: 5/22
 23882 | Orc:2    | Noticed Saint Roka
 23988 | Orc:2    | Found a staircase to the Elven Halls.
 24039 | Orc:2    | Found a roughly hewn altar of Beogh.
 24042 | Orc:2    | Found Plog's Gadget Shop.
 24216 | Orc:2    | Found a roughly hewn altar of Beogh.
 24223 | Orc:2    | Found Ijinae's Book Boutique.
 24697 | Orc:2    | Noticed an orc warlord
 24717 | Orc:2    | Killed an orc warlord
 24785 | Orc:2    | Found Kuulid's Antique Weapon Shoppe.
 24824 | Orc:2    | Found Vuumaa Fitt's Antique Armour Emporium.
 24825 | Orc:2    | Found a roughly hewn altar of Beogh.
 25020 | Orc:2    | Killed Saint Roka
 25200 | Orc:2    | Found a roughly hewn altar of Beogh.
 25254 | Orc:2    | Found a roughly hewn altar of Beogh.
 25485 | Orc:2    | Found a roughly hewn altar of Beogh.
 25618 | Orc:1    | Reached skill level 5 in Translocations
 25636 | Orc:1    | Noticed an orc warlord
 25750 | D:11     | Reached skill level 5 in Spellcasting
 26007 | D:12     | HP: 3/101 [wizard/crystal spear (64)]
 26542 | D:13     | Found a frozen archway.
 26575 | IceCv    | Entered an ice cave
 26582 | IceCv    | Found a transporter.
 26697 | IceCv    | Found a transporter.
 26717 | IceCv    | HP: 3/101 [ice statue] (14)]
 26718 | IceCv    | Engulfed by an ice statue's freezing vapour

Illustrated notes

Levels and vault maps discovered:
D:1:      minmay_arrival_four_houses, layout_loops_ring
D:2:      cheibrodos_greedy_goblins, layout_basic, lemuel_round_altar,
          lemuel_coloured_pillars_altar, uniq_sigmund
D:3:      layout_basic, chequers_temple_overflow_minitemple, uniq_jessica
D:4:      layout_loops_cross, nicolae_ru_great_annihilating_truth,
          nemelex_xobeh_ov_fountains_minmay, uniq_grinder, uniq_blork_the_orc
D:5:      layout_gridville, uniq_pikel
D:6:      layout_basic, serial_shops, shop_fountains, serial_rivers,
          chequers_serial_rivers_micro_b, chequers_serial_rivers_room_a,
          chequers_serial_rivers_micro_c, chequers_serial_rivers_micro_b,
          chequers_serial_rivers_micro_d
D:7:      layout_loops_ring, nicolae_overflow_hidden_temple,
          minmay_temple_entry_purple_smoke, xom_teletrap_fun, uniq_menkaure
D:8:      layout_gridville, hangedman_abyss_or_decor_stabs, corexii_corridor_pit
D:9:      layout_basic, minmay_orc_entry_guard_dogs
D:10:     layout_irregular_city, grunt_lair_entry_orc_guard_hut,
          gammafunk_ghost_stat_death
D:11:     layout_irregular_city, gauntlet_entry_generic, uniq_nergalle
D:12:     layout_irregular_city, st_stairs_2, hangedman_feature_mirror,
          minivault_16, minmay_guarded_unrand_prune
D:13:     mludivico_vault, layout_loops_cross, erik_vaults_1, special_room
          [special_room_bee], portal_ice_cave_entry_animals_and_master,
          serial_shops, shop, shop
Lair:1:   layout_regular_city, basic_altar
Lair:2:   layout_misc_corridors, serial_bayou, serial_bayou_shore_a,
          serial_bayou_pond_c, serial_bayou_shore_b, serial_bayou_pond_d,
          serial_bayou_lagoon_a
Lair:3:   layout_chaotic_city, shoals_dummy_entry, dummy_snake_entry,
          lemuel_fruit_fields, minmay_lair_oklob_chamber
Lair:4:   layout_regular_city, st_stairs_9, chequers_serial_rivers_small_3
Lair:5:   layout_hall_layers, nicolae_slime_entry_slimehenge,
          maelrawn_ghost_gauntlet_escape, kennysheep_snail_temple
Lair:6:   hangedman_lair_tendril_chambers, layout_small_grid
Orc:1:    layout_diamond_mine
Orc:2:    grunt_orc_community_town_hall, layout_caves,
          grunt_orc_community_big_house_2, grunt_orc_community_big_house_2,
          grunt_orc_community_house_3, grunt_orc_community_house_1,
          grunt_orc_community_house_2, grunt_orc_community_house_3,
          grunt_orc_community_house_1, nicolae_orc_flooded_monolith,
          lightli_orcish_oven, uniq_sonja, uniq_saint_roka
IceCv:    ice_cave_statue_garden_transporter

Skill      XL: |  1  2  3  4  5  6  7  8  9 10 11 12 13 14 15 |
---------------+----------------------------------------------+-----
Slings         | 6 7 8 9 10 11 13 14 | 14.0
Short Blades   | 1 2 3 4 5 6 8 9 11 12 14 | 14.0
Fighting       | 2 3 4 5 6 7 8 9 |  9.1
Armour         | 1 2 3 4 |  4.6
Stealth        | 2 3 4 6 7 8 9 10 11 | 11.2
Dodging        | 3 4 5 |  5.2
Invocations    | 1 2 3 4 5 6 7 8 9 |  9.4
Evocations     | 1 2 4 5 6 7 8 |  8.3
Shields        | 2 4 5 7 8 9 |  9.2
Spellcasting   | 2 6 |  6.2
Translocations | 2 6 |  6.2

Action                   |  1- 3 |  4- 6 |  7- 9 | 10-12 | 13-15 || total
-------------------------+-------+-------+-------+-------+-------++-------
Melee: Short sword       |    16 |       |       |       |       ||    16
       Unarmed           |       |     1 |       |       |       ||     1
       Dagger            |       |    16 |    62 |     4 |     5 ||    87
       Long sword        |       |       |     5 |   152 |       ||   157
       Scimitar          |       |       |     2 |     7 |       ||     9
       Demon blade       |       |       |       |   133 |   891 ||  1024
       Hunting sling     |       |       |       |       |     1 ||     1
 Fire: Hunting sling     |    98 |   131 |   339 |   387 |   475 ||  1430
Throw: Dart              |       |    32 |    16 |    24 |    57 ||   129
       Stone             |       |       |       |       |     2 ||     2
Invok: Wall of Briars    |       |       |     2 |     1 |     4 ||     7
       Overgrow          |       |       |       |     3 |     5 ||     8
       Grow Ballistomyce |       |       |       |       |     1 ||     1
Evoke: Wand              |       |       |     3 |     7 |    20 ||    30
       Lightning rod     |       |       |       |     3 |    11 ||    14
       Tin of tremorston |       |       |       |       |     3 ||     3
  Use: Potion            |       |     5 |     1 |     8 |     8 ||    22
       Scroll            |       |     4 |     3 |    11 |    12 ||    30
 Stab: Sleeping          |       |       |     1 |     8 |    31 ||    40
       Invisible         |       |       |       |     6 |       ||     6
       Distracted        |       |       |       |       |     7 ||     7
       Paralysed         |       |       |       |       |     5 ||     5
Armor: Leather armour    |     9 |     5 |     6 |    23 |       ||    43
       Skin              |       |    12 |       |       |       ||    12
       Robe              |       |       |       |     4 |       ||     4
       Ring mail         |       |       |       |    24 |   102 ||   126
Dodge: Dodged            |    45 |    47 |   108 |   439 |   699 ||  1338
Block: Kite shield       |       |       |       |   235 |   653 ||   888
       Rpst.: Long sword |       |       |     2 |    62 |       ||    64
       Scimitar          |       |       |     2 |     1 |       ||     3
       Demon blade       |       |       |       |    34 |   172 ||   206
